 Dungeon Crawl Stone Soup version 0.27.1-33-g824d729ab1 (webtiles) character file.

Game seed: 13530019751440000118

43 dianekeaton the Twirler (level 3, 0/30 HPs)
             Began as a Minotaur Gladiator on Dec 8, 2021.
             Slain by a goblin (1 damage)
             ... on level 2 of the Dungeon.
             The game lasted 00:01:44 (1038 turns).

dianekeaton the Twirler (Minotaur Gladiator)        Turns: 1038, Time: 00:01:45

Health: 0/30       AC:  3    Str: 18    XL:     3   Next: 37%
Magic:  2/2        EV: 12    Int:  5    God:
Gold:   21         SH:  0    Dex: 12    Spells: 2/2 levels left

rFire    . . .     SeeInvis .   a - +0 quarterstaff
rCold    . . .     Faith    .   (shield currently unavailable)
rNeg     . . .     Spirit   .   b - +0 leather armour
rPois    .         Reflect  .   c - +0 hat
rElec    .         Harm     .   (no cloak)
rCorr    .         Rampage  .   (no gloves)
Will     .....                  (no boots)
Stlth    +.........             (no amulet)
HPRegen  0.10/turn              (no ring)
MPRegen  0.08/turn              (no ring)

@: lethally poisoned (0 -> -6)
A: horns 2, retaliatory headbutt
a: no special abilities


You were on level 2 of the Dungeon.
You visited 1 branch of the dungeon, and saw 2 of its levels.

You collected 21 gold pieces.

Inventory:

Hand Weapons
 a - a +0 quarterstaff (weapon)
Missiles
 d - 2 throwing nets (quivered)
Armour
 b - a +0 leather armour (worn)
 c - a +0 hat (worn)
Scrolls
 e - a scroll of noise {unknown}
 g - a scroll of teleportation {unknown}
Potions
 f - a potion of berserk rage {unknown}


   Skills:
 - Level 2.4 Fighting
 * Level 4.9 Staves
 - Level 2.0 Throwing
 * Level 1.2 Armour
 + Level 3.5 Dodging


You had 2 spell levels left.
You didn't know any spells.
Your spell library contained the following spells:

 Spells                   Type           Power      Damage    Failure   Level
 Magic Dart               Conj           0%         1d3       54%         1
 Call Imp                 Summ           0%         N/A       67%         2
 Mephitic Cloud           Conj/Pois/Air  0%         N/A       88%         3


Dungeon Overview and Level Annotations

Branches:
Dungeon (2/15)

Altars:


Innate Abilities, Weirdness & Mutations

You have a pair of horns on your head.
You reflexively headbutt those who attack you in melee.


Message History

The endoplasm freezes you.
You are frozen.
The goblin shoots a stone.
The stone closely misses you. The worm barely misses you.
You sock the worm! You headbutt the worm.
You kill the worm!
The endoplasm misses you.
You hit the endoplasm.
The endoplasm is moderately wounded.
The endoplasm freezes you.
You are frozen.
The goblin unwields a +0 hunting sling.
The goblin wields a +0 dagger.
The goblin misses you.
You hit the endoplasm. You headbutt the endoplasm.
You kill the endoplasm!
The goblin hits you with a +0 dagger.
You barely miss the adder. The adder bites you.
You are poisoned.
The adder poisons you! The goblin closely misses you. The adder bites you.
You are too injured to fight recklessly!
You are too injured to fight recklessly!
You are too injured to fight recklessly!
You are too injured to fight recklessly!
You are too injured to fight recklessly!
You miss the adder. Your headbutt misses the adder.
You feel sick. The adder closely misses you.
The goblin hits you with a +0 dagger.
You completely miss the adder.
You feel sick. The adder bites you.
* * * LOW HITPOINT WARNING * * *
The goblin hits you with a +0 dagger.
* * * LOW HITPOINT WARNING * * *
Okay, then.
Throw: 3 throwing nets
Press: ? - help, Q - select action Shift-Dir - straight line, f - adder
Aim: an adder (40% to hit)
You throw a throwing net. The throwing net misses the adder.
You feel sick.
You are no longer poisoned.
The adder bites you.
* * * LOW HITPOINT WARNING * * *
You are lethally poisoned!
The adder poisons you! The goblin hits you with a +0 dagger.
You die...

.. #♣ #.#####.#....
#.... #....#....>.# ....
#.........#. #..
...........### #.#
.............# ##.#
...........#.###.)#####.
#......g$.##.##.........
(.....S@....)....†.†<..⌠
.##..#####...##.........
... ........##..#####. .
#####....##.# ..>...#+#
###...#.. ##..#... ...
..


You could see an adder and a goblin.

Vanquished Creatures
  A worm (D:2)
  2 dart slugs (D:1)
  6 endoplasms
  A giant cockroach (D:1)
  2 goblins
  4 hobgoblins
  2 jackals (D:1)
  2 quokkas (D:1)
  3 ball pythons (D:1)
  2 bats (D:1)
  3 frilled lizards
  2 kobolds (D:1)
  4 rats (D:1)
34 creatures vanquished.

Vanquished Creatures (others)
  3 plants (D:2)
3 creatures vanquished.

Grand Total: 37 creatures vanquished

Notes
Turn   | Place    | Note
-------+----------+-------------------------------------------
     0 | D:1      | dianekeaton the Minotaur Gladiator began the quest for the
                  | Orb.
     0 | D:1      | Reached XP level 1. HP: 18/18 MP: 0/0
   125 | D:1      | Reached skill level 4 in Staves
   128 | D:1      | Reached XP level 2. HP: 25/25 MP: 1/1
   505 | D:1      | Found a faded altar of an unknown god.
   558 | D:1      | Reached skill level 1 in Armour
   732 | D:1      | Reached XP level 3. HP: 29/30 MP: 2/2
  1038 | D:2      | HP: 1/30 [adder (4)]
  1038 | D:2      | Slain by a goblin

Illustrated notes

Levels and vault maps discovered:
D:1:      scummos_arrival_simple_crosswalls, layout_loops_ring,
          shapermc_ecumenical_altar_petra
D:2:      layout_rooms, serial_bayou, serial_bayou_lagoon_a,
          serial_bayou_ford_a, serial_bayou_pond_e, serial_bayou_crossing,
          basic_altar, grunt_ministairs_15

Skill      XL: |  1  2 |
---------------+-------+-----
Staves         | 4 |  4.9
Armour         | 1 |  1.2
Fighting       | |  2.4
Throwing       | |  2.0
Dodging        | |  3.5

Action                   || total
-------------------------++-------
Melee: Quarterstaff      ||    63
       Headbutt          ||    10
Throw: Throwing net      ||     1
Armor: Leather armour    ||    11
Dodge: Dodged            ||    40
